 Dungeon Crawl Stone Soup version 0.29-a0-6-ga859fcf985 (webtiles) character file.

Game seed: 17251586196567799055

12678 Conn the Arsonist (level 11, -8/66 HPs)
             Began as an Octopode Fire Elementalist on Jan 27, 2022.
             Hit by a stone thrown by an orc knight (17 damage)
             ... on level 10 of the Dungeon.
             The game lasted 00:37:17 (13756 turns).

Conn the Arsonist (Octopode Fire Elementalist)     Turns: 13756, Time: 00:37:17

Health: -8/66      AC:  3    Str: 18    XL:     11   Next: 97%
Magic:  15/34      EV: 14    Int: 22    God:
Gold:   461        SH:  0    Dex: 14    Spells: 13/30 levels left

rFire   . . .      SeeInvis +   o - +8 dagger of the Incandescent {vorpal, rElec rPois rN+ Str+4}
rCold   . . .      Faith    .   (no shield)
rNeg    + . .      Spirit   .   m - +2 hat
rPois   +          Reflect  .   (no amulet)
rElec   +          Harm     .   e - ring of poison resistance
rCorr   .          Rampage  .   j - ring of see invisible
Will    +++..                   d - ring of Jytum {Will+++ Dex+2 Slay+4 SInv}
Stlth   +++++.....              A - ring of magical power
HPRegen 0.21/turn               B - +6 ring of strength
MPRegen 0.24/turn               (no ring)
                                (no ring)
                                (no ring)

@: no status effects
A: almost no armour, amphibious, 8 rings, camouflage 1, gelatinous body 1,
(nimble swimmer 1), tentacles
a: no special abilities


You were on level 10 of the Dungeon.
You visited 2 branches of the dungeon, and saw 11 of its levels.
You also visited: Bailey.

You collected 692 gold pieces.
You spent 231 gold pieces at shops.

Inventory:

Hand Weapons
 c - a +0 dagger
 h - a +3 short sword of venom
 o - the +8 dagger of the Incandescent (weapon) {vorpal, rElec rPois rN+ Str+4}
   (You bought it in a shop on level 4 of the Dungeon)

   It inflicts extra damage upon your enemies.
   Str:       It affects your strength (+4).
   rElec:     It insulates you from electricity.
   rPois:     It protects you from poison.
   rN:        It protects you from negative energy.
Armour
 m - a +2 hat (worn)
Jewellery
 d - the ring of Jytum (on tentacle) {Will+++ Dex+2 Slay+4 SInv}
   (You acquired it in a bailey)

   [ring of slaying]

   Dex:       It affects your dexterity (+2).
   Slay:      It affects your accuracy & damage with ranged weapons and melee
   (+4).
   SInv:      It lets you see invisible.
   Will:      It greatly increases your willpower.
 e - a ring of poison resistance (left tentacle)
 j - a ring of see invisible (right tentacle)
 A - a ring of magical power (on tentacle)
 B - a +6 ring of strength (on tentacle)
Wands
 k - a wand of flame (35)
 p - a wand of polymorph (6)
 r - a wand of acid (8)
 y - a wand of iceblast (4)
 F - a wand of paralysis (8)
Scrolls
 a - 4 scrolls of enchant weapon
 b - 7 scrolls of teleportation
 g - a scroll of enchant armour
 i - a scroll of fog
 l - a scroll of summoning
 u - a scroll of immolation
 v - a scroll of magic mapping
 E - a scroll of fear
Potions
 f - a potion of brilliance
 n - 4 potions of magic {unknown}
 q - 2 potions of curing
 s - 7 potions of might
 w - 3 potions of mutation {unknown}
 x - a potion of resistance
 z - 4 potions of haste {unknown}
 C - 2 potions of heal wounds


   Skills:
 + Level 2.9 Fighting
 + Level 4.2 Short Blades
 + Level 1.2 Throwing
 + Level 4.2 Dodging
 + Level 8.1 Stealth
 + Level 0.1 Unarmed Combat
 + Level 10.1 Spellcasting
 + Level 7.4 Conjurations
 + Level 3.3 Hexes
 + Level 10.4 Fire Magic


You had 13 spell levels left.
You knew the following spells:

 Your Spells              Type           Power      Damage    Failure   Level
a - Foxfire               Conj/Fire      100%       2x1d9     1%          1
b - Conjure Flame         Conj/Fire      50%        6-21      1%          3
c - Inner Flame           Hex/Fire       41%        N/A       1%          3
d - Flame Wave            Conj/Fire      50%        2d10      1%          4
e - Scorch                Fire           100%       2d10      1%          2
f - Hailstorm             Conj/Ice       27%        3d7       13%         4

Your spell library contained the following spells:

 Spells                   Type           Power      Damage    Failure   Level
 Stone Arrow              Conj/Erth      54%        3d10      4%          3
 Beastly Appendage        Tmut           22%        N/A       6%          1
 Sandblast                Erth           22%        2d7       6%          1
 Corpse Rot               Necr/Air       22%        N/A       9%          2
 Passwall                 Tmut/Erth      9%         N/A       9%          2
 Poisonous Vapours        Pois/Air       22%        N/A       9%          2
 Wereblood                Tmut           11%        N/A       9%          2
 Portal Projectile        Hex/Tloc       36%        N/A       9%          3
 Call Canine Familiar     Summ           11%        N/A       19%         3
 Spider Form              Tmut/Pois      11%        N/A       19%         3
 Leda's Liquefaction      Hex/Erth       9%         N/A       30%         4
 Ice Form                 Ice/Tmut       11%        N/A       52%         4
 Simulacrum               Ice/Necr       5%         N/A       100%        6
 Lehudib's Crystal Spear  Conj/Erth      13%        10d5      100%        8
 Animate Armour           Summ/Erth      Unusable   N/A       N/A         4

Dungeon Overview and Level Annotations

Branches:
Dungeon (10/15)            Temple (1/1) D:4            Lair (0/6) D:9
    Orc (0/2) D:9          Bailey (visited)

Altars:
Ashenzari
Cheibriados
Dithmenos
Elyvilon
Fedhas
Gozag
Hepliaklqana
Makhleb
Nemelex Xobeh
Okawaru
Qazlal
Ru
Trog
Uskayaw
Wu Jian
Xom
Yredelemnul
Zin
The Shining One

Shops:
D:3 *   D:4 (   D:9 *

Annotations:
D:9 2 transporters


Innate Abilities, Weirdness & Mutations

You cannot wear most types of armour.
You are amphibious.
You can wear up to eight rings at the same time.
Your skin changes colour to match your surroundings (Stealth+).
Your rubbery body absorbs attacks. (AC +1, EV +1)
((You are camouflaged when in or above water. (Stealth+)))
You have tentacles for arms and can constrict up to eight enemies at once.


Message History

The foxfire hits the orc knight but does no damage.
The orc wizard gestures wildly while chanting.
The orc wizard flickers and vanishes for a moment.
The foxfire hits the orc wizard.
The orc wizard is severely wounded.
The foxfire hits the orc knight.
Flame seeps out of the orc knight.
The orc knight is lightly wounded.
The orc knight is engulfed in blazing flames.
Flame seeps out of the orc knight.
Unknown command.
The orc wizard closely misses you. The orc wizard casts a spell at you.
The puff of flame hits you. The orc wizard closely misses you.
Casting: Foxfire (safe; 1% risk of failure)
Confirm with . or Enter, or press ? or * to list all spells.
Aiming: Inner Flame (safe; 1% risk of failure)
Press: ? - help, Dir - move target, f - orc wizard, p - orc knight
Aim: an orc wizard, wielding a +0 dagger and wearing a +0 robe (severely wounded, strong, chance to affect: 90%)
The orc wizard is filled with an inner flame.
The orc wizard hits you with a +0 dagger.
The orc wizard gestures wildly while chanting.
The orc wizard flickers and vanishes for a moment.
The orc knight zaps a wand.
Some rock shatters into small pieces.
Casting: Inner Flame (safe; 1% risk of failure)
Confirm with . or Enter, or press ? or * to list all spells.
You conjure some foxfire!
The orc wizard no longer looks unusually strong.
The foxfire hits the orc wizard.
The orc wizard explodes!
The fiery explosion engulfs your foxfire.
Your foxfire completely resists.
The fiery explosion engulfs you!!!
Ouch! That really hurt!
* * * LOW HITPOINT WARNING * * *
The fiery explosion engulfs the orc wizard!!!
You kill the orc wizard!
Your foxfire dissipates!
The orc knight throws a stone.
The stone hits you!
You die...

<8>'.......♣...○...☼).#.⌠.
........♣♣♣.♣..#)...○°)..⌠..
...#♣♣.♣♣ ♣♣. #..(...#.⌠.⌠.
#'## ### .. #......# ....
♣.≈ .. #o.....## ... ≈≈≈≈ #.
#ooo....# .. ♣.≈♣♣ #
#§§#.....# . ♣≈.♣
#§§§..?#..# ♣.≈≈ #@§§####.##
#.....# ......# .......#
..##.#### ... ## .... ####
.... ....


You could see an orc knight (inner flame) and 3 orc wizards.

Vanquished Creatures
  A stone giant (D:10)
  A rakshasa (D:10)
  A two-headed ogre (D:9)
  2 orc knights (Bailey)
  Pikel (D:6)
  3 centaur zombies (D:10)
  Psyche (D:8)
  A komodo dragon (D:9)
  Grinder (D:3)
  A spriggan (shapeshifter) (D:10)
  2 shadows
  Sigmund (D:6)
  A wraith (D:10)
  9 yaks
  Eustachio (D:6)
  3 steam dragons
  A vampire mosquito (D:10)
  2 water moccasins (D:9)
  An acid dragon (D:8)
  9 orc warriors
  2 sky beasts (D:8)
  3 black bears (D:9)
  7 necrophages (D:10)
  3 centaurs
  An ogre (D:7)
  2 lemures (D:6)
  A kobold brigand (D:9)
  8 bullfrogs
  A gnoll sergeant (D:7)
  10 killer bees
  A water moccasin skeleton (D:5)
  9 wights
  2 howler monkeys (D:10)
  2 bullfrog skeletons (D:6)
  A jelly (D:6)
  4 orc priests
  A hound (D:6)
  3 iguanas
  Ijyb (D:3)
  A gnoll shaman (D:8)
  8 orc wizards
  A hound skeleton (D:4)
  2 howler monkey zombies
  2 howler monkey skeletons
  7 adders
  7 gnolls
  2 white imps (D:7)
  An ufetubus (D:5)
  A worm (D:3)
  A dart slug (D:3)
  57 orcs
  6 ball pythons
  7 bats
  2 endoplasms (D:1)
  A giant cockroach (D:1)
  12 goblins
  2 hobgoblins
  4 jackals
  17 kobolds
  2 quokkas
  2 frilled lizards
  8 rats
258 creatures vanquished.

Vanquished Creatures (collateral kills)
  An ice beast (D:5)
  A jelly (D:5)
  2 foxfires
4 creatures vanquished.

Vanquished Creatures (others)
  937 foxfires
  41 fungi (D:9)
  83 plants
  4 withered plants (D:10)
1065 creatures vanquished.

Grand Total: 1327 creatures vanquished

Notes
Turn   | Place    | Note
-------+----------+-------------------------------------------
     0 | D:1      | Conn the Octopode Fire Elementalist began the quest for the
                  | Orb.
     0 | D:1      | Reached XP level 1. HP: 11/11 MP: 3/3
   248 | D:1      | Found a faded altar of an unknown god.
   292 | D:1      | Reached XP level 2. HP: 17/17 MP: 3/5
  1289 | D:2      | Reached XP level 3. HP: 17/21 MP: 0/6
  2184 | D:2      | Reached XP level 4. HP: 27/27 MP: 3/7
  2285 | D:3      | Noticed Grinder
  2297 | D:3      | Killed Grinder
  2298 | D:3      | Reached skill level 1 in Fighting
  2298 | D:3      | Reached XP level 5. HP: 12/33 MP: 1/9
  2298 | D:3      | Reached XP level 6. HP: 14/38 MP: 1/10
  2553 | D:3      | Found a glowing silver altar of Zin.
  2573 | D:3      | Noticed Ijyb
  2584 | D:3      | Killed Ijyb
  2833 | D:3      | Found an opulent altar of Gozag.
  2838 | D:3      | Found Gozag's Platinum Reserve.
  3010 | D:3      | Identified the +1 chain mail of the Fiddle {rCorr Stlth+}
  3449 | D:4      | Found a staircase to the Ecumenical Temple.
  3469 | Temple   | Entered the Ecumenical Temple
  3876 | D:4      | Learned a level 3 spell: Conjure Flame
  3880 | D:4      | Learned a level 3 spell: Inner Flame
  3885 | D:4      | Learned a level 4 spell: Flame Wave
  4292 | D:4      | Found Geran's Antique Weapon Boutique.
  4467 | D:5      | Entered Level 5 of the Dungeon
  4478 | D:5      | Found an ornate altar of the Wu Jian Council.
  4500 | D:5      | Noticed an ice beast
  4507 | D:5      | Killed an ice beast
  4508 | D:5      | Reached skill level 1 in Short Blades
  4508 | D:5      | Reached XP level 7. HP: 43/43 MP: 12/12
  4747 | D:5      | Learned a level 2 spell: Scorch
  5065 | D:6      | Noticed a steam dragon
  5068 | D:6      | Noticed Eustachio
  5501 | D:6      | Killed Eustachio
  5502 | D:6      | Reached skill level 5 in Stealth
  5502 | D:6      | Reached skill level 5 in Fire Magic
  5749 | D:6      | Reached XP level 8. HP: 48/48 MP: 12/15
  5949 | D:6      | Noticed Pikel
  6092 | D:6      | Found an iron altar of Okawaru.
  6092 | D:6      | Found a hide-covered altar of Uskayaw.
  6167 | D:4      | Bought a sapphire dagger for 231 gold pieces
  6167 | D:4      | Identified the +8 dagger of the Incandescent {vorpal, rElec
                  | rPois rN+ Str+4} (You bought it in a shop on level 4 of the
                  | Dungeon)
  6251 | D:6      | Noticed Sigmund
  6256 | D:6      | Killed Sigmund
  6257 | D:6      | Reached skill level 5 in Spellcasting
  6280 | D:6      | Killed Pikel
  6803 | D:6      | Reached XP level 9. HP: 51/54 MP: 17/17
  7222 | D:7      | Found a broken altar of Ashenzari.
  7254 | D:7      | Learned a level 4 spell: Hailstorm
  7383 | D:7      | Found a flagged portal.
  7414 | Bailey   | Entered a bailey
  8078 | Bailey   | Noticed an orc knight
  8082 | Bailey   | Reached skill level 1 in Throwing
  8367 | Bailey   | Killed an orc knight
  8368 | Bailey   | Reached skill level 5 in Conjurations
  8368 | Bailey   | Reached skill level 1 in Hexes
  8389 | Bailey   | Noticed an orc knight
  8536 | Bailey   | Killed an orc knight
  8537 | Bailey   | Reached XP level 10. HP: 26/61 MP: 11/21
  8760 | Bailey   | Acquired the ring of Jytum {Will+++ Dex+2 Slay+4 SInv}
  9135 | D:7      | Found a white marble altar of Elyvilon.
  9473 | D:8      | Noticed Psyche
  9478 | D:8      | Killed Psyche
 10538 | D:9      | Found a transporter.
 10538 | D:9      | Found Aroclami's Assorted Antiques.
 10680 | D:9      | Found a transporter.
 11131 | D:9      | Noticed a two-headed ogre
 11150 | D:9      | Killed a two-headed ogre
 11151 | D:9      | Reached XP level 11. HP: 66/66 MP: 24/24
 11529 | D:9      | Found a staircase to the Lair.
 11778 | D:9      | Found a staircase to the Orcish Mines.
 11887 | D:10     | Entered Level 10 of the Dungeon
 12967 | D:10     | Noticed a stone giant
 13001 | D:10     | Noticed a rakshasa
 13039 | D:10     | Killed a stone giant
 13040 | D:10     | Reached skill level 10 in Fire Magic
 13343 | D:10     | Killed a rakshasa
 13345 | D:10     | Reached skill level 10 in Spellcasting
 13737 | D:10     | Noticed an orc knight
 13756 | D:10     | Hit by a stone thrown by an orc knight

Illustrated notes

Levels and vault maps discovered:
D:1:      wheals_arrival_linesprint, layout_loops_corners,
          shapermc_ecumenical_altar_pompeii
D:2:      layout_basic, chequers_serial_rivers_room_a, lexackson_kobold_supper
D:3:      layout_rooms, nicolae_gozag_zags_fifth_avenue,
          mainiacjoe_overflow_small_starburst, serial_forest,
          infiniplex_forest_lined_4_way, infiniplex_forest_clump_double,
          infiniplex_forest_lined_ring, infiniplex_forest_lined_room_3,
          due_unseen_surprise, uniq_ijyb, uniq_grinder
D:4:      layout_loops_ring, minmay_temple_entry_statues_pillars, serial_shops,
          shop_fountains
D:5:      layout_cave_pools, mainiacjoe_overflow_paths
D:6:      layout_gridville, chequers_temple_overflow_statue_of_worship,
          bh_walls_and_bars, uniq_pikel, uniq_sigmund, uniq_eustachio
D:7:      layout_rooms, mainiacjoe_overflow_six_doors_small,
          mainiacjoe_overflow_tiny_flanked, enter_bailey_3
D:8:      layout_basic, nicolae_straight_to_the_point, uniq_psyche
D:9:      gammafunk_cloud_chamber, layout_rooms, due_lair_maze_entry_diamond,
          serial_shops, nicolae_shop_stone
D:10:     nzn_winding_woodlands_stair_cross [nzn_winding_woodlands_5x15_garden,
          nzn_winding_woodlands_center_triple_pond,
          nzn_winding_woodlands_5x15_lazy_stream,
          nzn_winding_woodlands_5x5_cross, nzn_winding_woodlands_5x5_open_star,
          nzn_winding_woodlands_5x15_crooked,
          nzn_winding_woodlands_center_diamonds,
          nzn_winding_woodlands_5x15_parted], layout_cave_pools,
          palyth_temple_overflow_mages, serial_undead, serial_undead_e,
          serial_undead_c, serial_undead_e, serial_undead_a, serial_undead_a,
          minmay_parallelograms, grunt_decor_one_mirror,
          hangedman_decor_diamond_cutter, uniq_sonja
Temple:   hc_temple_tempest_star

Skill      XL: |  1  2  3  4  5  6  7  8  9 10 11 |
---------------+----------------------------------+-----
Stealth        | 3 4 5 7 8 |  8.1
Fighting       | 1 2 |  2.9
Spellcasting   | 3 4 5 7 9 10 | 10.1
Conjurations   | 2 3 4 5 6 7 |  7.4
Fire Magic     | 4 5 6 7 9 10 | 10.4
Short Blades   | 1 2 3 4 |  4.2
Dodging        | 3 4 |  4.2
Throwing       | 1 |  1.2
Hexes          | 1 2 3 |  3.3
Unarmed Combat | |  0.1

Action                   |  1- 3 |  4- 6 |  7- 9 | 10-12 || total
-------------------------+-------+-------+-------+-------++-------
Melee: Unarmed           |     2 |       |     1 |       ||     3
       Dagger            |    14 |       |    26 |    48 ||    88
       Tentacles         |    15 |     5 |    10 |     8 ||    38
       Constrict         |     6 |     4 |     9 |     5 ||    24
       Short sword       |    32 |    13 |    19 |       ||    64
       Punch             |       |       |     2 |       ||     2
Throw: Dart              |       |       |     7 |       ||     7
 Cast: Foxfire           |    62 |    63 |   164 |   252 ||   541
       Scorch            |       |       |     3 |    16 ||    19
       Inner Flame       |       |       |    17 |    31 ||    48
       Conjure Flame     |       |       |     6 |     7 ||    13
       Flame Wave        |       |       |       |     9 ||     9
  Use: Potion            |       |     1 |     2 |     2 ||     5
       Scroll            |       |    13 |     5 |     4 ||    22
 Stab: Sleeping          |     1 |     2 |     3 |     9 ||    15
       Distracted        |       |       |       |     1 ||     1
Armor: Skin              |     4 |     6 |     9 |     9 ||    28
Dodge: Dodged            |    40 |    11 |    46 |    51 ||   148

Table legend: (Time is in decaauts)
 A = Elapsed time spent in this place.
 B = Non-inter-level travel time spent in this place.
 C = Inter-level travel time spent in this place.
 D = Time resting spent in this place.
 E = Time spent auto-exploring this place.
 F = Levels seen in this place.
 G = Mean time per level.
                   A        B        C        D        E       F      G
               +--------+--------+--------+--------+--------+-----+--------+
         Total |  13743 |  13472 |    271 |   1518 |   8574 |  12 | 1145.2 |
       Dungeon |  12118 |  11847 |    271 |   1215 |   7785 |  10 | 1211.8 |
        Temple |    272 |    272 |      0 |      0 |    253 |   1 |  272.0 |
        Bailey |   1352 |   1352 |      0 |    303 |    536 |   1 | 1352.0 |
               +--------+--------+--------+--------+--------+-----+--------+

Top non-repeatable levels by time:
    D:10: 1657 daAuts
     D:6: 1450 daAuts
     D:9: 1437 daAuts
  Bailey: 1352 daAuts
     D:1: 1197 daAuts
     D:8: 1183 daAuts
     D:5: 1113 daAuts
     D:2: 1089 daAuts
     D:3: 1087 daAuts
     D:7: 1047 daAuts
     D:4: 855 daAuts
  Temple: 272 daAuts
